 Dungeon Crawl Stone Soup version 0.28-a0-706-gf6f64a616a (webtiles) character file.

Game seed: 8225704237515077285

1081 KoroneIsBestGirl the Chiller (level 8, -5/52 HPs)
             Began as a Barachi Ice Elementalist on Oct 24, 2021.
             Was a Priest of Fedhas.
             Killed from afar by Maggie (18 damage)
             ... with a bolt of fire
             ... on level 6 of the Dungeon.
             The game lasted 00:07:51 (5682 turns).

KoroneIsBestGirl the Chiller (BaIE)                 Turns: 5682, Time: 00:07:51

Health: -5/52      AC:  2    Str:  9    XL:     8   Next: 29%
Magic:  1/16       EV: 14    Int: 24    God:    Fedhas [***...]
Gold:   275        SH:  0    Dex: 13    Spells: 10/17 levels left

rFire   x . .      SeeInvis .   i - staff of air
rCold   + . .      Faith    .   (no shield)
rNeg    . . .      Spirit   .   a - +0 robe
rPois   .          Reflect  .   (no helmet)
rElec   +          Harm     .   (no cloak)
rCorr   .          Rampage  .   (no gloves)
Will    .....                   (no boots)
Stlth   ++........              (no amulet)
HPRegen 0.17/turn               s - +6 ring of intelligence
MPRegen 0.15/turn               l - ring of ice

@: swift, freezing walls, mesmerised, quick
A: amphibious, slowness 1, strong legs 1, +LOS
a: Hop, Renounce Religion, Wall of Briars, Grow Ballistomycete


You were on level 6 of the Dungeon.
You worshipped Fedhas.
Fedhas was most pleased with you.
You visited 1 branch of the dungeon, and saw 6 of its levels.

You collected 275 gold pieces.

Inventory:

Hand Weapons
 r - a +2 dagger of protection
Missiles
 w - 2 throwing nets
Armour
 a - a +0 robe (worn)
Magical Staves
 i - a staff of air (weapon)
Jewellery
 e - a ring of protection from cold
 l - a ring of ice (right hand)
 m - a +6 ring of dexterity
 s - a +6 ring of intelligence (left hand)
 v - a ring of protection from cold
 y - a ring of ice
 z - a ring of willpower
Scrolls
 c - a scroll of acquirement {unknown}
 d - 3 scrolls of teleportation {unknown}
 g - 2 scrolls of amnesia {unknown}
 j - a scroll of fog {unknown}
 k - 2 scrolls of identify {unknown}
 n - 4 scrolls of blinking {unknown}
 x - a scroll of vulnerability {unknown}
Potions
 b - a potion of invisibility {unknown}
 f - 2 potions of curing {unknown}
 h - 3 potions of berserk rage {unknown}
 o - 2 potions of brilliance {unknown}
 p - 2 potions of lignification {unknown}
 q - a potion of mutation {unknown}
 t - a potion of flight {unknown}
 u - a potion of resistance {unknown}
 A - a potion of heal wounds {unknown}


   Skills:
 + Level 5.6 Dodging
 - Level 1.7 Stealth
 + Level 5.3 Spellcasting
 + Level 7.5 Ice Magic
 + Level 4.5 Air Magic


You had 10 spell levels left.
You knew the following spells:

 Your Spells              Type           Power      Damage    Failure   Level
a - Freeze                Ice            100%       1d11      1%          1
b - Frozen Ramparts       Ice            100%       1d12      1%          3
c - Swiftness             Air            42%        N/A       4%          3

Your spell library contained the following spells:

 Spells                   Type           Power      Damage    Failure   Level
 Ozocubu's Armour         Ice            59%        N/A       1%          3
 Shock                    Conj/Air       100%       1d9       3%          1
 Airstrike                Air            21%        N/A       13%         4
 Hailstorm                Conj/Ice       36%        3d9       19%         4
 Ice Form                 Ice/Tmut       36%        N/A       19%         4
 Simulacrum               Ice/Necr       18%        N/A       95%         6


Dungeon Overview and Level Annotations

Branches:
Dungeon (6/15)             Temple (0/1) D:4

Altars:
Fedhas

Annotations:
D:6 Maggie


Innate Abilities, Weirdness & Mutations

You are amphibious.
You cover ground slowly.
You can hop short distances.
You have an extended range of vision and can be seen from far away.


Message History

Casting: Freeze (safe; 1% risk of failure)
Confirm with . or Enter, or press ? or * to list all spells.
This spell is already in effect.
Casting: Swiftness (dangerous; 4% risk of failure)
Confirm with . or Enter, or press ? or * to list all spells.
Casting: Frozen Ramparts (safe; 1% risk of failure)
Press: ? - help, Dir - look around, f - activate You feel a surge of power!
The walls around you are covered in ice.
The wall freezes Maggie!
Maggie closely misses you.
Unknown command.
Casting: Frozen Ramparts (safe; 1% risk of failure)
Confirm with . or Enter, or press ? or * to list all spells.
Aiming: Freeze (safe; 1% risk of failure)
Press: ? - help, Shift-Dir - straight line, f - Maggie
Aim: Maggie, wielding a +0 war axe and wearing +0 steam dragon scales (moderately wounded, mesmerising)
You feel a surge of power!
You freeze Maggie.
Maggie is moderately wounded.
The wall freezes Maggie.
Maggie hits you with a +0 war axe!
* * * LOW HITPOINT WARNING * * *
Casting: Freeze (safe; 1% risk of failure)
Confirm with . or Enter, or press ? or * to list all spells.
Aiming: Freeze (safe; 1% risk of failure)
Press: ? - help, Shift-Dir - straight line, f/p - Maggie
Aim: Maggie, wielding a +0 war axe and wearing +0 steam dragon scales (heavily wounded, mesmerising)
You feel a surge of power!
You freeze Maggie.
Maggie is heavily wounded.
The wall freezes Maggie.
Maggie misses you.
Casting: Freeze (safe; 1% risk of failure)
Confirm with . or Enter, or press ? or * to list all spells.
Aiming: Freeze (safe; 1% risk of failure)
Press: ? - help, Shift-Dir - straight line, f/p - Maggie
Aim: Maggie, wielding a +0 war axe and wearing +0 steam dragon scales (heavily wounded, mesmerising)
You feel a surge of power!
You freeze Maggie.
Maggie is heavily wounded.
The wall freezes Maggie!
Maggie casts a spell at you. The bolt of fire hits you!!
The fire burns you terribly!
You die...
Fedhas appreciates your contribution to the ecosystem.

≈≈##........# #...........##
...♣≈≈##.......## #...........##
.♣.♣.♣≈≈##.......# #............#
..♣...♣≈≈##....#.##..............
♣.♣.♣.♣≈≈##.####.##.............
♣.♣...♣≈≈### #..##............
♣.♣.♣.♣≈≈# ####.###......##..#
.@♣...♣≈###.##..##########.##
♣o♣.♣..'.)@@.#.# #..#
♣.♣...'..).###.# ##.##
♣.♣..'....# #..######..#
♣...♣≈#....# ##.....#...#
♣.♣.♣≈≈#...## #....÷....## #
♣...♣≈≈##...# #.........# ##
♣.♣.♣≈≈##...## #.......#..###.
♣...♣≈≈##...## .<......##......
♣.♣.♣≈≈# ##.## ........#..##...


You could see Maggie (mesmerising).

Vanquished Creatures
  A black bear (D:5)
  A centaur (D:5)
  An ogre (D:5)
  A necrophage (D:4)
  Blork the orc (D:4)
  A bullfrog (D:6)
  2 scorpions (D:5)
  An orc priest (D:6)
  4 hounds
  A jelly (D:6)
  A centaur skeleton (D:6)
  2 orc wizards
  Robin (D:4)
  A howler monkey skeleton (D:3)
  3 gnolls (D:5)
  5 adders
  An ufetubus (D:5)
  An adder skeleton (D:4)
  3 worms (D:2)
  3 dart slugs
  14 orcs
  4 ball pythons
  7 endoplasms
  2 giant cockroaches
  14 goblins
  14 hobgoblins
  3 jackals (D:2)
  7 kobolds
  A quokka (D:3)
  4 bats
  3 frilled lizards (D:2)
  2 rats (D:2)
110 creatures vanquished.

Notes
Turn   | Place    | Note
-------+----------+-------------------------------------------
     0 | D:1      | KoroneIsBestGirl the Barachi Ice Elementalist began the
                  | quest for the Orb.
     0 | D:1      | Reached XP level 1. HP: 13/13 MP: 3/3
   241 | D:1      | Found a faded altar of an unknown god.
   245 | D:1      | Prayed at the altar of an unknown god.
   245 | D:1      | Became a worshipper of Fedhas Madash
   245 | D:1      | Reached * piety under Fedhas
   308 | D:1      | Reached skill level 5 in Ice Magic
   308 | D:1      | Reached XP level 2. HP: 19/19 MP: 3/5
   849 | D:2      | Reached XP level 3. HP: 15/24 MP: 4/7
  1244 | D:2      | Learned a level 3 spell: Frozen Ramparts
  1497 | D:2      | Reached XP level 4. HP: 30/30 MP: 4/8
  1574 | D:2      | Learned a level 3 spell: Swiftness
  1785 | D:2      | Reached ** piety under Fedhas
  2978 | D:4      | Noticed Blork the orc
  2986 | D:4      | Killed Blork the orc
  2987 | D:4      | Reached skill level 1 in Air Magic
  2987 | D:4      | Reached XP level 5. HP: 13/35 MP: 2/10
  3313 | D:4      | Noticed Robin
  3318 | D:4      | Reached skill level 6 in Ice Magic
  3320 | D:4      | Killed Robin
  3374 | D:4      | Noticed a necrophage
  3387 | D:4      | Killed a necrophage
  3387 | D:4      | Reached *** piety under Fedhas
  3388 | D:4      | Reached XP level 6. HP: 30/41 MP: 0/11
  3756 | D:4      | Found a staircase to the Ecumenical Temple.
  3887 | D:5      | Entered Level 5 of the Dungeon
  4061 | D:5      | Reached XP level 7. HP: 29/46 MP: 2/13
  4624 | D:5      | Reached skill level 5 in Dodging
  4624 | D:5      | Reached skill level 7 in Ice Magic
  4659 | D:5      | Reached skill level 5 in Spellcasting
  4659 | D:5      | Reached XP level 8. HP: 27/52 MP: 2/15
  5660 | D:6      | Noticed Maggie
  5682 | D:6      | Killed from afar by Maggie

Illustrated notes

Levels and vault maps discovered:
D:1:      amcnicky_arrival_choice, layout_basic, ebering_ecumenical_altar_webs
D:2:      minmay_chambers_of_twos, layout_basic
D:3:      layout_basic
D:4:      layout_rooms, minmay_temple_entry_hall, uniq_blork_the_orc, uniq_robin
D:5:      layout_gridville, corexii_item_surrounded_by_moat
D:6:      layout_cave_pods, kennysheep_cluttered_room, uniq_maggie, uniq_duvessa

Skill      XL: |  1  2  3  4  5  6  7 |
---------------+----------------------+-----
Ice Magic      | 5 6 7 |  7.5
Dodging        | 3 4 5 |  5.6
Spellcasting   | 3 4 5 |  5.3
Air Magic      | 1 2 4 |  4.5
Stealth        | |  1.7

Action                   |  1- 3 |  4- 6 |  7- 9 || total
-------------------------+-------+-------+-------++-------
Melee: Unarmed           |    13 |       |       ||    13
       Hand axe          |    26 |       |       ||    26
       Short sword       |     2 |    38 |       ||    40
       Dagger            |       |     1 |       ||     1
       Staff             |       |     2 |    18 ||    20
 Cast: Freeze            |    28 |    53 |    33 ||   114
       Frozen Ramparts   |     3 |     7 |     6 ||    16
       Swiftness         |       |     1 |     2 ||     3
 Abil: Hop               |     1 |       |     2 ||     3
 Stab: Sleeping          |       |     1 |       ||     1
Armor: Robe              |    18 |    18 |     7 ||    43
Dodge: Dodged            |    51 |    64 |    51 ||   166

Table legend: (Time is in decaauts)
 A = Elapsed time spent in this place.
 B = Non-inter-level travel time spent in this place.
 C = Inter-level travel time spent in this place.
 D = Time resting spent in this place.
 E = Time spent auto-exploring this place.
 F = Levels seen in this place.
 G = Mean time per level.
                   A        B        C        D        E       F      G
               +--------+--------+--------+--------+--------+-----+--------+
         Total |   6275 |   6082 |    193 |      0 |   5281 |   6 | 1045.8 |
       Dungeon |   6275 |   6082 |    193 |      0 |   5281 |   6 | 1045.8 |
               +--------+--------+--------+--------+--------+-----+--------+

Top non-repeatable levels by time:
     D:2: 1516 daAuts
     D:5: 1447 daAuts
     D:3: 1012 daAuts
     D:4: 990 daAuts
     D:1: 790 daAuts
     D:6: 517 daAuts
